 Dungeon Crawl Stone Soup version 0.27.1-3-gb3d3a73c9e (webtiles) character file.

Game seed: 5557389008786151673

100 Descartes the Shield-Bearer (level 5, -1/41 HPs)
             Began as a Formicid Fighter on Oct 24, 2021.
             Succumbed to a gnoll's poison
             ... on level 2 of the Dungeon.
             The game lasted 00:05:46 (2359 turns).

Descartes the Shield-Bearer (Formicid Fighter)      Turns: 2359, Time: 00:05:46

Health: -1/41      AC:  6    Str: 26 (27) XL:     5   Next: 3%
Magic:  5/5        EV:  9    Int:  7 (8)  God:
Gold:   72         SH: 10    Dex:  7 (10) Spells: 4/4 levels left

rFire    . . .     SeeInvis +   a - +0 war axe
rCold    . . .     Faith    .   c - +0 kite shield
rNeg     . . .     Spirit   .   b - +0 scale mail
rPois    .         Reflect  .   (helmet unavailable)
rElec    .         Harm     .   (no cloak)
rCorr    +         Rampage  .   (no gloves)
Will     .....                  (no boots)
Stlth    ..........             (no amulet)
HPRegen  0.13/turn              l - ring of resist corrosion
MPRegen  0.09/turn              m - +6 ring of strength

@: lethally poisoned (-1 -> -16), attractive
A: permanent stasis, dig shafts and tunnels, antennae 3, four strong arms
a: Dig, Shaft Self


You were on level 2 of the Dungeon.
You visited 1 branch of the dungeon, and saw 3 of its levels.

You collected 72 gold pieces.

Inventory:

Hand Weapons
 a - a +0 war axe (weapon)
 g - a +2 dagger of flaming
Missiles
 j - 94 stones
 o - 2 throwing nets
Armour
 b - a +0 scale mail (worn)
 c - a +0 kite shield (worn)
Jewellery
 l - a ring of resist corrosion (left hand)
 m - a +6 ring of strength (right hand)
Scrolls
 e - 5 scrolls of identify {unknown}
 h - a scroll of enchant weapon {unknown}
 i - a scroll of immolation {unknown}
 k - 2 scrolls of noise {unknown}
 n - a scroll of magic mapping {unknown}
Potions
 d - a potion of might
 f - a potion of attraction


   Skills:
 - Level 3.2 Fighting
 - Level 2.0 Axes
 - Level 3.2 Armour
 + Level 6.4 Shields


You had 4 spell levels left.
You didn't know any spells.
Your spell library was empty.

Dungeon Overview and Level Annotations

Branches:
Dungeon (3/15)

Altars:
Trog
Uskayaw

Shops:
D:1 =?=   D:2 ![!*[


Innate Abilities, Weirdness & Mutations

You cannot be hasted, slowed, berserked, paralysed or teleported.
You can dig through walls and to a lower floor.
You have a pair of large antennae on your head. (SInv)
Your four strong arms can wield two-handed weapons with a shield.


Message History

You climb upwards.
There is a stone staircase leading down here.
You hit the gnoll.
The gnoll is heavily wounded.
You block the gnoll's attack. The gnoll hits you but does no damage.
You closely miss the gnoll.
The gnoll is heavily wounded.
The gnoll hits you with a +0 whip of venom.
You are poisoned.
Your shield prevents you from hitting the gnoll.
The gnoll is heavily wounded.
You feel very sick.
The gnoll hits you with a +0 whip of venom.
You are lethally poisoned!
You block the gnoll's attack.
You hit the gnoll.
The gnoll is severely wounded.
* * * LOW HITPOINT WARNING * * *
You feel very sick. The gnoll barely misses you.
You hit the gnoll but do no damage.
The gnoll is severely wounded.
* * * LOW HITPOINT WARNING * * *
You feel very sick. The gnoll barely misses you. The gnoll closely misses you.
You closely miss the gnoll.
The gnoll is severely wounded.
* * * LOW HITPOINT WARNING * * *
You feel sick. The gnoll closely misses you.
It was a potion of attraction.
You feel attractive to monsters.
* * * LOW HITPOINT WARNING * * *
You feel sick.
The gnoll hits you with a +0 whip of venom.
* * * LOW HITPOINT WARNING * * *
You are more poisoned.
It was a potion of degeneration.
There was something very wrong with that liquid.
You feel weakened.
You feel dopey.
You feel clumsy.
You die...

###......######..#.# #.#
#.##.........#.#.# #8#
#.##.#.....#.).#.##### #.#
#.##.#####.###.......####<#
###.##<#####.# ###.###...##.#
#.........##.### #.##.....#∩#
#.........##...# #.#......#.####
#.........####.###.........8...#
#.........# #.@###.........##.#
#.........# ##.g.#.......####..
#.........# ###..........#...#
#.......∩.# ####.....#.....#
#.........# #.......#.....
########### #.......##...#
#.......##...# ##..>..#######
##...##


You could see a gnoll.

Vanquished Creatures
  A gnoll (D:3)
  3 adders
  3 dart slugs
  7 bats
  4 endoplasms
  2 giant cockroaches
  7 goblins
  6 hobgoblins
  3 jackals (D:1)
  5 kobolds
  3 ball pythons
  3 frilled lizards
  6 rats
53 creatures vanquished.

Vanquished Creatures (others)
  2 plants
2 creatures vanquished.

Grand Total: 55 creatures vanquished

Notes
Turn   | Place    | Note
-------+----------+-------------------------------------------
     0 | D:1      | Descartes the Formicid Fighter began the quest for the Orb.
     0 | D:1      | Reached XP level 1. HP: 18/18 MP: 1/1
    55 | D:1      | Reached skill level 4 in Shields
    66 | D:1      | Reached XP level 2. HP: 24/24 MP: 2/2
   105 | D:1      | Found Upeys's Magic Scroll Shop.
   305 | D:1      | Found Pumangac's Jewellery Emporium.
   329 | D:1      | Reached XP level 3. HP: 22/29 MP: 3/3
   448 | D:1      | Found Gazal's Jewellery Boutique.
   605 | D:1      | Reached skill level 5 in Shields
   820 | D:2      | Found Pasmoole's Assorted Antiques.
   976 | D:2      | Found Gophiun's Distillery.
  1053 | D:2      | Found Utaul's Armour Emporium.
  1125 | D:2      | Found Asurax's Distillery.
  1289 | D:2      | Found Tent's Armour Emporium.
  1365 | D:2      | Reached XP level 4. HP: 5/35 MP: 4/4
  1915 | D:3      | Reached skill level 6 in Shields
  1955 | D:3      | Found a bloodstained altar of Trog.
  2214 | D:3      | Found a hide-covered altar of Uskayaw.
  2275 | D:3      | Found a faded altar of an unknown god.
  2288 | D:3      | Reached XP level 5. HP: 24/41 MP: 5/5
  2358 | D:2      | HP: 2/41 [gnoll (1)]
  2359 | D:2      | Succumbed to a gnoll's poison

Illustrated notes

Levels and vault maps discovered:
D:1:      minmay_arrival_stone_box, layout_basic, serial_shops, shop, shop,
          nicolae_shop_behind_doors
D:2:      layout_rooms, serial_shops, shop_statue,
          nicolae_shop_overgrown_old_shop, shop, nicolae_diamond_shop,
          nicolae_shop_stone
D:3:      kennysheep_six_static_rooms, layout_loops_ring, trog_hazing_becter,
          lemuel_doored_altar, mainiacjoe_overflow_cross_hatched,
          mainiacjoe_overflow_boulevard, shapermc_ecumenical_altar_rom_forum

Skill      XL: |  1  2  3  4 |
---------------+-------------+-----
Shields        | 4 5 6 |  6.4
Fighting       | |  3.2
Axes           | |  2.0
Armour         | |  3.2

Action                   |  1- 3 |  4- 6 || total
-------------------------+-------+-------++-------
Melee: War axe           |   103 |    64 ||   167
 Abil: Dig               |       |     2 ||     2
  Use: Potion            |       |     2 ||     2
Armor: Scale mail        |    60 |    37 ||    97
Dodge: Dodged            |    43 |    41 ||    84
Block: Kite shield       |    76 |    51 ||   127
